 Dungeon Crawl Stone Soup version 0.31-a0-1576-ga3383bade6 (webtiles) character file.

Game seed: 12864950761412352456

357 bobo the Trooper (level 6, -7/66 HPs)
             Began as an Oni Air Elementalist on Jan 4, 2024.
             Was an Initiate of Yredelemnul.
             Mangled by Menkaure (21 damage)
             ... on level 4 of the Dungeon.
             The game lasted 00:14:21 (3236 turns).

bobo the Trooper (Oni Air Elementalist)             Turns: 3236, Time: 00:14:21

Health: -7/66      AC:  3    Str: 15    XL:     6   Next: 64%
Magic:  8/11       EV:  9    Int: 16    God:    Yredelemnul [......]
Gold:   139        SH:  0    Dex:  9    Spells: 3/11 levels left

rFire   . . .        a - +3 club (spect)
rCold   . . .        (no shield)
rNeg    . . .        k - +0 animal skin
rPois   .            (helmet restricted)
rElec   .            (no cloak)
rCorr   .            (gloves unavailable)
SInv    .            (boots unavailable)
Will    +....        (no amulet)
Stlth   +            h - ring of willpower
HPRegen 0.31/turn    (no ring)
MPRegen 0.12/turn

%: no passive effects
@: no status effects
A: large, unfitting armour, horns 1, tough skin 1, double potion healing,
drunken brawling
a: Renounce Religion, Recall Undead Harvest


You were on level 4 of the Dungeon.
You worshipped Yredelemnul.
Yredelemnul was noncommittal.
You visited 1 branch of the dungeon, and saw 4 of its levels.

You collected 139 gold pieces.

Inventory:

Hand Weapons
 a - a +3 spectral club (weapon)
 e - a +0 giant spiked club
 n - a +0 flail
Missiles
 d - 34 stones
Armour
 k - a +0 animal skin (worn)
Jewellery
 h - a ring of willpower (left hand)
Scrolls
 c - 2 scrolls of teleportation {unknown}
 g - 3 scrolls of identify
 j - a scroll of noise {unknown}
 l - a scroll of fog {unknown}
 m - 2 scrolls of enchant armour {unknown}
Potions
 b - a potion of magic
 i - a potion of mutation {unknown}


   Skills:
 * Level 5.0 Fighting
 * Level 3.2 Maces & Flails
 - Level 1.7 Dodging
 - Level 1.4 Stealth
 + Level 3.4 Spellcasting
 - Level 0.8 Conjurations
 + Level 3.3 Air Magic
 + Level 2.1 Invocations


You had 3 spell levels left.
You knew the following spells:

 Your Spells              Type           Power      Damage    Failure   Level
a - Shock                 Conj/Air       36%        1d5       8%          1
b - Airstrike             Air            6%         2d(1-17)  41%         4
r - Swiftness             Air            13%        N/A       14%         3

Your spell library contained the following spells:

 Spells                   Type           Power      Damage    Failure   Level
 Static Discharge         Conj/Air       18%        3-4/arc   12%         2


Dungeon Overview and Level Annotations

Branches:
Dungeon (4/15)
 Temple: D:4-7

Altars:
Cheibriados
Wu Jian
Yredelemnul

Shops:
D:2 :

Annotations:
D:4 Dowan, Eustachio, Menkaure


Innate Abilities, Weirdness & Mutations

You are too large for most types of armour.
You have a pair of small horns on your head.
You have tough skin. (AC +1)
You gain doubled healing and magic from potions.
Whenever you drink a healing potion, you attack all around you.


Message History

Okay, then.
Casting: Shock (safe; 8% risk of failure)
Confirm with . or Enter, or press ? or * to list all spells.
Okay, then.
Casting: Shock (safe; 8% risk of failure)
Confirm with . or Enter, or press ? or * to list all spells.
Aiming: Shock (safe; 8% risk of failure)
Press: ? - help, Shift-Dir - straight line The zap hits Eustachio.
Eustachio is heavily wounded.
Your +3 spectral club disappears.
Casting: Shock (safe; 8% risk of failure)
Confirm with . or Enter, or press ? or * to list all spells.
Aiming: Shock (safe; 8% risk of failure)
Press: ? - help, Shift-Dir - straight line, f - Eustachio
Aim: Eustachio, wielding a +0 rapier and wearing a +2 leather armour of cold resistance (heavily wounded, ally target, 56% to hit)
The zap hits Eustachio but does no damage.
Eustachio is heavily wounded.
Menkaure completely misses you.
Eustachio gestures wildly while chanting.
Casting: Shock (safe; 8% risk of failure)
Confirm with . or Enter, or press ? or * to list all spells.
Aiming: Shock (safe; 8% risk of failure)
Press: ? - help, Shift-Dir - straight line, f/p - Eustachio
Aim: Eustachio, wielding a +0 rapier and wearing a +2 leather armour of cold resistance (heavily wounded, ally target, 56% to hit)
The zap misses Eustachio.
Menkaure hits you!!
* * * LOW HITPOINT WARNING * * *
Your orc zombie barely misses Eustachio.
You hit Eustachio.
Eustachio is severely wounded.
Your +3 spectral club closely misses Eustachio.
Menkaure sighs a few words.
Menkaure barely misses you. Eustachio completely misses you.
Your orc zombie completely misses Eustachio.
You barely miss Eustachio.
Eustachio is severely wounded.
Your +3 spectral club hits Eustachio but does no damage.
Menkaure hits you!!
You die...
Your body rises from the dead as a mindless zombie.

.....Z.5@.#
........<.# ..
...>.......# ...
.....##...##....
.....##...##....
................
........5Z......
.......M)@......
###.@(......
#.........
#...##.... #..<#
... #....# .
#....# #....#
######


You could see Eustachio (ally target), Menkaure (fast), a white imp (summoned),
a friendly +3 spectral club and a friendly orc zombie.

Vanquished Creatures
  An ogre (D:3)
  A bombardier beetle (D:3)
  An orc priest (D:3)
  Jessica (D:3)
  A sleepcap (D:3)
  Terence (D:3)
  Robin (D:2)
  A gnoll (D:1)
  3 adders
  3 dart slugs (D:1)
  15 orcs
  5 ball pythons
  2 endoplasms
  4 giant cockroaches
  5 hobgoblins
  2 jackals
  3 quokkas
  3 bats
  5 frilled lizards
  11 goblins
  5 kobolds
  7 rats
81 creatures vanquished.

Vanquished Creatures (collateral kills)
  A dart slug (D:3)
  2 orcs (D:3)
  A goblin (D:2)
4 creatures vanquished.

Vanquished Creatures (others)
  A frilled lizard zombie (D:3)
  2 giant cockroach zombies (D:3)
  2 goblin zombies (D:3)
  2 human zombies (D:3)
  5 orc zombies
  2 rat zombies (D:3)
14 creatures vanquished.

Grand Total: 99 creatures vanquished

Notes
Turn   | Place    | Note
-------+----------+-------------------------------------------
     0 | D:1      | bobo the Oni Air Elementalist began the quest for the Orb.
     0 | D:1      | Reached XP level 1. HP: 16/16 MP: 3/3
    78 | D:1      | Reached skill level 1 in Fighting
   188 | D:1      | Reached skill level 2 in Fighting
   257 | D:1      | Reached XP level 2. HP: 28/28 MP: 0/5
   435 | D:1      | Reached skill level 1 in Maces & Flails
   533 | D:1      | Reached XP level 3. HP: 36/36 MP: 1/6
   845 | D:1      | Reached skill level 3 in Fighting
   957 | D:2      | Noticed Robin
  1119 | D:2      | Found Bexzemm's Book Emporium.
  1124 | D:2      | Learned a level 3 spell: Swiftness
  1236 | D:2      | Killed Robin
  1237 | D:2      | Reached XP level 4. HP: 41/46 MP: 2/7
  1416 | D:2      | Found a basalt altar of Yredelemnul.
  1427 | D:2      | Found a faded altar of an unknown god.
  1433 | D:2      | Prayed at the altar of an unknown god.
  1433 | D:2      | Became a worshipper of Yredelemnul the Dark
  1433 | D:2      | Reached * piety under Yredelemnul
  1791 | D:2      | Learned a level 4 spell: Airstrike
  1813 | D:3      | Noticed Terence
  1819 | D:3      | Killed Terence
  1891 | D:3      | Reached skill level 4 in Fighting
  1891 | D:3      | Reached XP level 5. HP: 54/54 MP: 3/9
  1906 | D:3      | Reached skill level 1 in Invocations
  2034 | D:3      | Identified the +2 scale mail "Jaeh" {rN+ Stlth+}
  2179 | D:3      | Noticed Jessica
  2182 | D:3      | Killed Jessica
  2264 | D:3      | Found a snail-covered altar of Cheibriados.
  2273 | D:3      | Reached ** piety under Yredelemnul
  2405 | D:3      | Your ally Jessica died
  2428 | D:3      | Your ally Terence died
  2455 | D:3      | Reached XP level 6. HP: 63/63 MP: 6/10
  2718 | D:3      | Found an ornate altar of the Wu Jian Council.
  3121 | D:4      | Noticed Dowan
  3156 | D:4      | Noticed Eustachio
  3158 | D:4      | Noticed Menkaure
  3169 | D:4      | HP: 2/65 [river rat[Eustachio] (6)]
  3176 | D:3      | Reached skill level 5 in Fighting
  3236 | D:4      | Mangled by Menkaure

Illustrated notes

Levels and vault maps discovered:
D:1:      wander_arrival_lonely_grave, layout_basic, corexii_hall_statues_s
D:2:      layout_rooms, ebering_ecumenical_altar_sacrificial, basic_altar,
          serial_shops, nicolae_shop_tiny_statue_garden, uniq_robin
D:3:      layout_basic, lemuel_round_altar, kennysheep_slug_shrine,
          minmay_misc_feat_more_columns, uniq_jessica, uniq_terence
D:4:      layout_gridville, riverfiend_overflow_shadow_ancestor,
          mainiacjoe_overflow_brackets, nicolae_sif_muna_little_library,
          uniq_duvessa, uniq_natasha, uniq_menkaure, uniq_eustachio

Skill      XL: |  1  2  3  4  5  6 |
---------------+-------------------+-----
Fighting       | 2 3 4 5 |  5.0
Maces & Flails | 1 2 3 |  3.2
Invocations    | 1 2 |  2.1
Air Magic      | 3 |  3.3
Spellcasting   | 3 |  3.4
Dodging        | |  1.7
Stealth        | |  1.4
Conjurations   | |  0.8

Action                     |  1- 3 |  4- 6 || total
---------------------------+-------+-------++-------
  Melee: Unarmed           |    13 |       ||    13
         Headbutt          |     9 |    13 ||    22
         Club              |    65 |    80 ||   145
         Punch             |     1 |       ||     1
         Flail             |       |     7 ||     7
   Cast: Shock             |    60 |    64 ||   124
    Use: Scroll            |       |     1 ||     1
         Potion            |       |     1 ||     1
 Armour: Robe              |    73 |     6 ||    79
         Animal skin       |       |    58 ||    58
  Dodge: Dodged            |    58 |    45 ||   103

Table legend: (Time is in decaauts)
 A = Elapsed time spent in this place.
 B = Non-inter-level travel time spent in this place.
 C = Inter-level travel time spent in this place.
 D = Time resting spent in this place.
 E = Time spent auto-exploring this place.
 F = Levels seen in this place.
 G = Mean time per level.
                   A        B        C        D        E       F      G
               +--------+--------+--------+--------+--------+-----+--------+
         Total |   3267 |   2978 |    289 |     11 |   2237 |   4 |  816.8 |
       Dungeon |   3267 |   2978 |    289 |     11 |   2237 |   4 |  816.8 |
               +--------+--------+--------+--------+--------+-----+--------+

Top non-repeatable levels by time:
     D:3: 1387 daAuts
     D:1: 1138 daAuts
     D:2: 695 daAuts
     D:4: 46 daAuts
